 Dungeon Crawl Stone Soup version 0.31-a0-1616-gbeaec30b81 (webtiles) character file.

Game seed: 6415790365727029800

9135 Malachi the Warrior (level 11, -2/128 (133) HPs)
             Began as an Oni Chaos Knight on Jan 10, 2024.
             Was a Plaything of Xom.
             Incinerated by a deep elf pyromancer (16 damage)
             ... with a pyre arrow
             ... on level 10 of the Dungeon.
             The game lasted 00:16:30 (10890 turns).

Malachi the Warrior (Oni Chaos Knight)             Turns: 10890, Time: 00:16:30

HP:   -2/128 (133)  AC:  9    Str: 25    XL:     11   Next: 41%
MP:   11/11         EV: 10    Int: 20    God:    Xom [......]
Gold: 376           SH:  0    Dex: 10    Spells: 10/10 levels left

rFire   x . .        p - +0 giant club
rCold   + + .        (shield currently unavailable)
rNeg    . . .        b - +2 robe
rPois   +            (helmet restricted)
rElec   .            o - +1 cloak
rCorr   +            (gloves unavailable)
SInv    .            (boots unavailable)
Will    +++..        j - amulet of faith
Stlth   +            g - ring of resist corrosion
HPRegen 0.41/turn    C - ring of Suspected Treachery {rF- rC+ Str+6 Slay+5}
MPRegen 0.12/turn

%: faith
@: on fire, glowing, lightly drained
A: large, unfitting armour, horns 2, tough skin 1, double potion healing,
drunken brawling, hooves 2, iridescent scales 1, agile 1, clever 2, cold
resistance 1, strong-willed 2, sense surroundings 1, poison resistance, wild
magic 1, noise suppression
a: Renounce Religion


You were on level 10 of the Dungeon.
You worshipped Xom.
You were a very special plaything of Xom.
You visited 1 branch of the dungeon, and saw 10 of its levels.
You also visited: Bailey.

You collected 568 gold pieces.
You spent 192 gold pieces at shops.

Inventory:

Hand Weapons
 a - a +0 spear of chaos
 e - a +3 quarterstaff of chaos
 p - a +0 giant club (weapon)
 u - a +0 giant spiked club
Missiles
 n - 2 large rocks (quivered)
Armour
 b - a +2 robe (worn)
 o - a +1 cloak (worn)
Jewellery
 g - a ring of resist corrosion (left hand)
 i - a ring of flight
 j - an amulet of faith (around neck)
 y - a ring of ice
 C - the ring of Suspected Treachery (right hand) {rF- rC+ Str+6 Slay+5}
   (You acquired it on level 7 of the Dungeon)

   [ring of strength]

   Str+6:     It affects your strength (+6).
   Slay+5:    It affects your accuracy & damage with ranged weapons and melee
   (+5).
   rF-:       It makes you vulnerable to fire.
   rC+:       It protects you from cold.
 E - a +6 ring of strength
 J - a +6 ring of strength
Talismans
 d - a maw talisman
 w - a blade talisman
 x - a serpent talisman
Wands
 h - a wand of paralysis (31)
 v - a wand of digging (4)
 D - a wand of flame (26)
 G - a wand of mindburst (2)
Scrolls
 c - a scroll of butterflies
 m - a scroll of immolation
 t - 3 scrolls of fear
 z - 4 scrolls of teleportation
 A - a scroll of fog
Potions
 f - 4 potions of heal wounds
 k - a potion of mutation
 l - 2 potions of enlightenment
 q - 3 potions of lignification
 r - 4 potions of attraction
 B - a potion of invisibility
 H - a potion of curing


   Skills:
 - Level 15.4 Fighting
 + Level 12.1(12.3) Maces & Flails
 - Level 4.2(4.7) Polearms
 - Level 2.8(8.8) Staves
 - Level 2.1 Dodging
 + Level 4.9 Shapeshifting


You had 10 spell levels left.
You didn't know any spells.
Your spell library contained the following spells:

 Spells                   Type           Power      Damage    Failure   Level
 Apportation              Tloc           0%         N/A       26%         1
 Magic Dart               Conj           0%         1d3       26%         1
 Blink                    Tloc           0%         N/A       36%         2
 Call Imp                 Summ           0%         N/A       36%         2
 Cigotuvi's Dreadful Rot  Necr/Alch/Air  0%         N/A       36%         2
 Jinxbite                 Hex            0%         N/A       36%         2
 Lesser Beckoning         Tloc           0%         N/A       36%         2
 Static Discharge         Conj/Air       0%         3-3/arc   36%         2
 Gell's Gravitas          Tloc           0%         N/A       58%         3
 Teleport Other           Tloc           0%         N/A       58%         3
 Airstrike                Air            0%         2d(0-16)  92%         4
 Dispel Undead            Necr           0%         3d6       92%         4
 Martyr's Knell           Necr/Summ      0%         N/A       92%         4
 Summon Lightning Spire   Summ/Air       0%         N/A       92%         4
 Vhi's Electric Charge    Tloc/Air       0%         N/A       92%         4
 Alistair's Intoxication  Alch           0%         N/A       99%         5
 Arcjolt                  Conj/Air       0%         1d10      99%         5
 Death Channel            Necr           0%         N/A       100%        6
 Maxwell's Capacitive Co  Air            0%         ∞         100%        8


Dungeon Overview and Level Annotations

Branches:
Dungeon (10/15)            Temple (0/1) D:6          Bailey (visited)
   Lair: D:8-11         Orc: D:9-12

Altars:
Dithmenos
Fedhas
Hepliaklqana
Makhleb
Ru
Sif Muna
Xom

Shops:
D:5 !


Innate Abilities, Weirdness & Mutations

You are too large for most types of armour.
You have a pair of horns on your head.
You have tough skin. (AC +1)
You gain doubled healing and magic from potions.
Whenever you drink a healing potion, you attack all around you.
You have hoof-like feet.
You are partially covered in iridescent scales. (AC +2)
You are agile. (Dex +4, Str/Int -1)
Your mind is very acute. (Int +8, Str/Dex -2)
Your flesh is cold resistant. (rC+)
You are highly strong-willed. (Will++)
You passively map a small area around you.
Your system is resistant to poisons. (rPois)
Your spells are a little harder to cast, but a little more powerful.
You passively dampen the noise of your surroundings.


Message History

The deep elf pyromancer casts a spell at you.
The pyre arrow hits you.
You are covered in intense liquid fire!
The ice beast hits you but does no damage.
You bludgeon the deep elf pyromancer!!
Your kick misses the deep elf pyromancer.
Your headbutt misses the deep elf pyromancer.
The deep elf pyromancer is severely wounded.
The liquid fire burns you!
The deep elf pyromancer casts a spell.
The fire elemental hits you. The fire elemental burns you!
The fire burns you terribly!
Xom roars with laughter!
The fire elemental barely misses you. The ice beast hits you.
The ice beast freezes you. You resist.
You pound the deep elf pyromancer like an anvil!!!
You kill the deep elf pyromancer!
The fire elemental disappears in a puff of smoke! x4
The liquid fire burns you!
The ice beast hits you but does no damage.
Unknown command.
You shake off some of the fire as you move.
The liquid fire burns you!
* * * LOW HITPOINT WARNING * * *
The ice beast barely misses you.
Things that are here:
a +0 short sword; an elf corpse You barely miss the ice beast.
You headbutt the ice beast!
The ice beast is severely wounded.
The liquid fire burns you!
* * * LOW HITPOINT WARNING * * *
The ice beast hits you but does no damage.
You sock the ice beast!
You kill the ice beast!
The liquid fire burns you!
* * * LOW HITPOINT WARNING * * *
You shake off some of the fire as you move.
The liquid fire burns you!
You die... "I guess I need a new plaything now."

.. ..#.#####.##########
,
♣.♣#.#..........†......
*
,♣.#.#######.##########
,♣..#######.# ,,
♣......#..# ,*, *
#......#.##
#......#.### ,
#..).......# ,
♣..@...#.#.# * *
#...####.#.# #...#
#.#.# , * ...... ....#
* ~~♣♣....* .#### ~~≈
♣<...#.. ~~* #......# ~
~, #..[.. *


There were no monsters in sight!

Vanquished Creatures
  Pikel (D:9)
  A deep elf pyromancer (D:10)
  An orc knight (Bailey)
  Joseph (D:7)
  2 trolls
  Grinder (D:6)
  Prince Ribbit (D:5)
  A hornet (D:8)
  Sigmund (D:5)
  2 wyverns (D:9)
  3 yaks (D:9)
  A wraith (D:9)
  Menkaure (D:5)
  4 steam dragons
  Edmund (D:6)
  A water moccasin (D:6)
  13 orc warriors
  3 ice beasts
  4 ogres
  2 centaurs
  3 phantoms
  A kobold brigand (D:7)
  A scorpion (D:6)
  18 killer bees
  3 bombardier beetles
  A gnoll bouda (D:9)
  3 jellies
  4 orc priests
  A sleepcap (D:7)
  2 hounds
  Crazy Yiuf (D:2)
  Terence (D:2)
  Jessica (D:3)
  3 iguanas
  Ijyb (D:3)
  6 orc wizards
  7 gnolls
  12 adders
  3 white imps
  4 dart slugs
  A ribbon worm (D:2)
  33 orcs
  5 ball pythons
  9 endoplasms
  3 goblins
  5 hobgoblins
  14 jackals
  11 kobolds
  6 bats
  5 frilled lizards
  5 rats
  A spectral kobold (D:7)
219 creatures vanquished.

Vanquished Creatures (collateral kills)
  Jeremiah (D:6)
  A scorpion (D:6)
  A shadow imp (D:6)
3 creatures vanquished.

Vanquished Creatures (others)
  An orc (D:5)
1 creature vanquished.

Grand Total: 223 creatures vanquished

Notes
Turn   | Place    | Note
-------+----------+-------------------------------------------
     0 | D:1      | Malachi the Oni Chaos Knight began the quest for the Orb.
     0 | D:1      | Reached XP level 1. HP: 24/24 MP: 1/1
    80 | D:1      | Reached XP level 2. HP: 30/33 MP: 2/2
    93 | D:1      | XOM: silly message
   357 | D:1      | XOM: silly message
   575 | D:1      | XOM: god gift: staff of alchemy
   763 | D:1      | XOM: cloud trail
   904 | D:1      | XOM: scenery: create altars
   943 | D:1      | XOM: cloud trail
   953 | D:2      | XOM: stealth player
  1084 | D:2      | XOM: give mutations
  1084 | D:2      | Gained mutation: You possess an exceptional clarity of
                  | mind. [Xom's grace]
  1084 | D:2      | Gained mutation: You expend magic power (3 MP) to
                  | strengthen your wands. [Xom's grace]
  1308 | D:2      | Reached XP level 3. HP: 41/41 MP: 3/3
  1450 | D:2      | XOM: god gift: 2 large rocks
  1481 | D:2      | Reached skill level 5 in Fighting
  1729 | D:2      | Found a runed translucent door.
  1730 | D:2      | Noticed Crazy Yiuf
  1733 | D:2      | XOM: give mutations
  1733 | D:2      | Gained mutation: You are agile. (Dex +4, Str/Int -1) [Xom's
                  | grace]
  1733 | D:2      | Gained mutation: Your muscles are strong. (Str +4, Int/Dex
                  | -1) [Xom's grace]
  1741 | D:2      | XOM: give mutations
  1741 | D:2      | Gained mutation: You are strong-willed. (Will+) [Xom's
                  | mischief]
  1741 | D:2      | Gained mutation: You occasionally lose the ability to read
                  | scrolls when taking damage. [Xom's mischief]
  1741 | D:2      | Lost mutation: Your muscles are strong. (Str +4, Int/Dex
                  | -1) [Xom's mischief]
  1795 | D:2      | Noticed Terence
  1807 | D:2      | Killed Terence
  1808 | D:2      | Reached XP level 4. HP: 46/50 MP: 4/4
  1843 | D:2      | Killed Crazy Yiuf
  2253 | D:2      | Reached skill level 15 in Fighting
  2253 | D:2      | Reached XP level 5. HP: 81/81 MP: 5/5
  2353 | D:3      | Noticed an ogre
  2358 | D:3      | Killed an ogre
  2359 | D:3      | Reached skill level 1 in Staves
  2359 | D:3      | Reached XP level 6. HP: 77/91 MP: 6/6
  2444 | D:3      | XOM: give mutations
  2444 | D:3      | Lost mutation: You possess an exceptional clarity of mind.
                  | [Xom's mischief]
  2444 | D:3      | Lost mutation: You occasionally lose the ability to read
                  | scrolls when taking damage. [Xom's mischief]
  2444 | D:3      | Lost mutation: You expend magic power (3 MP) to strengthen
                  | your wands. [Xom's mischief]
  2444 | D:3      | Lost mutation: You are strong-willed. (Will+) [Xom's
                  | mischief]
  2487 | D:3      | Found a faded altar of an unknown god.
  2513 | D:3      | Noticed Jessica
  2521 | D:3      | Killed Jessica
  2600 | D:3      | XOM: enchant monster (bad)
  2606 | D:3      | Found a burning altar of Makhleb.
  2700 | D:3      | Noticed Ijyb
  2707 | D:3      | XOM: confusion (+ monsters)
  2711 | D:3      | Killed Ijyb
  2731 | D:3      | Reached XP level 7. HP: 77/98 MP: 7/7
  2869 | D:3      | XOM: silly message
  2894 | D:3      | XOM: god gift: 18 gold pieces
  2979 | D:3      | Found a sacrificial altar of Ru.
  3144 | D:4      | Reached skill level 1 in Maces & Flails
  3259 | D:4      | XOM: give mutations
  3259 | D:4      | Gained mutation: Your body sometimes deteriorates upon
                  | taking damage. [Xom's mischief]
  3259 | D:4      | Gained mutation: Your muscles are strong. (Str +4, Int/Dex
                  | -1) [Xom's mischief]
  3514 | D:4      | XOM: noise
  3573 | D:4      | XOM: give mutations
  3573 | D:4      | Gained mutation: You possess an exceptional clarity of
                  | mind. [Xom's mischief]
  3573 | D:4      | Gained mutation: You are frail. (-10% HP) [Xom's mischief]
  3573 | D:4      | Gained mutation: You have a pair of horns on your head.
                  | [Xom's mischief]
  3573 | D:4      | Lost mutation: Your body sometimes deteriorates upon taking
                  | damage. [Xom's mischief]
  3661 | D:4      | XOM: silly message
  3686 | D:4      | XOM: cast spell 'Summon Small Mammal'
  3692 | D:4      | XOM: butterfly on damage
  3697 | D:4      | XOM: confuse monster(s)
  3969 | D:4      | Found a shimmering blue altar of Sif Muna.
  4059 | D:5      | Entered Level 5 of the Dungeon
  4123 | D:5      | Noticed Sigmund
  4128 | D:5      | Killed Sigmund
  4129 | D:5      | Reached XP level 8. HP: 81/96 MP: 8/8
  4224 | D:5      | Noticed Prince Ribbit
  4224 | D:5      | XOM: divination: detect items
  4225 | D:5      | XOM: confuse monster(s)
  4228 | D:5      | XOM: silly message
  4229 | D:5      | XOM: potion effect (invisibility)
  4239 | D:5      | Reached skill level 5 in Maces & Flails
  4245 | D:5      | XOM: give mutation
  4245 | D:5      | Gained mutation: Your spells are a little harder to cast,
                  | but a little more powerful. [Xom's grace]
  4250 | D:5      | Killed Prince Ribbit
  4256 | D:5      | XOM: silly message
  4289 | D:5      | XOM: give mutations
  4289 | D:5      | Gained mutation: Your muscles are very strong. (Str +8,
                  | Int/Dex -2) [Xom's grace]
  4289 | D:5      | Gained mutation: You are very agile. (Dex +8, Str/Int -2)
                  | [Xom's grace]
  4302 | D:5      | Lost mutation: You are very agile. (Dex +8, Str/Int -2)
                  | [potion of mutation]
  4302 | D:5      | Lost mutation: Your spells are a little harder to cast, but
                  | a little more powerful. [potion of mutation]
  4302 | D:5      | Gained mutation: You have hidden genetic defects. [potion
                  | of mutation]
  4302 | D:5      | Gained mutation: You passively map a small area around you.
                  | [potion of mutation]
  4302 | D:5      | Gained mutation: Your mind is acute. (Int +4, Str/Dex -1)
                  | [potion of mutation]
  4317 | D:5      | Found a shadowy altar of Dithmenos.
  4317 | D:5      | Noticed Menkaure
  4325 | D:5      | Killed Menkaure
  4438 | D:5      | Gained mutation: You are vulnerable to cold. (rC-) [hidden
                  | defects]
  4487 | D:5      | XOM: stat loss: -1 Dex (8/9)
  4488 | D:5      | XOM: silly message
  4497 | D:5      | Found Gafie's Distillery.
  4507 | D:5      | Bought a potion of mutation for 96 gold pieces
  4507 | D:5      | Bought a potion of mutation for 96 gold pieces
  4510 | D:5      | Lost mutation: Your mind is acute. (Int +4, Str/Dex -1)
                  | [potion of mutation]
  4510 | D:5      | Lost mutation: You have hidden genetic defects. [potion of
                  | mutation]
  4510 | D:5      | Lost mutation: You passively map a small area around you.
                  | [potion of mutation]
  4510 | D:5      | Gained mutation: You have a somewhat thin skeletal
                  | structure. (Dex +2, Stealth+) [potion of mutation]
  4510 | D:5      | Gained mutation: You passively map a small area around you.
                  | [potion of mutation]
  4510 | D:5      | Gained mutation: Your body sometimes deteriorates upon
                  | taking damage. [potion of mutation]
  4510 | D:5      | Gained mutation: You are strong-willed. (Will+) [potion of
                  | mutation]
  4511 | D:5      | Lost mutation: You have a somewhat thin skeletal structure.
                  | (Dex +2, Stealth+) [potion of mutation]
  4511 | D:5      | Lost mutation: Your body sometimes deteriorates upon taking
                  | damage. [potion of mutation]
  4511 | D:5      | Lost mutation: Your muscles are very strong. (Str +8,
                  | Int/Dex -2) [potion of mutation]
  4511 | D:5      | Gained mutation: You passively map the area around you.
                  | [potion of mutation]
  4551 | D:5      | Reached XP level 9. HP: 103/103 MP: 9/9
  4597 | D:5      | XOM: summons 5 hostile demons
  4598 | D:5      | Noticed an orange demon
  5143 | D:5      | XOM: summons 2 hostile shadow creatures
  5277 | D:5      | Found a blossoming altar of Fedhas.
  5350 | D:6      | Found a staircase to the Ecumenical Temple.
  5520 | D:6      | XOM: give mutation
  5520 | D:6      | Gained mutation: Your spells are a little harder to cast,
                  | but a little more powerful. [Xom's mischief]
  5543 | D:6      | Noticed Grinder
  5544 | D:6      | XOM: silly message
  5560 | D:6      | Killed Grinder
  5600 | D:6      | Noticed Edmund
  5602 | D:6      | XOM: 3-stop teleportation journey
  5626 | D:6      | Noticed Jeremiah
  5638 | D:6      | Killed Jeremiah
  5649 | D:6      | XOM: 2-stop teleportation journey
  5665 | D:6      | XOM: scenery: 1 doors open
  5681 | D:6      | XOM: god gift: scroll of fear
  5814 | D:6      | XOM: silly message
  6028 | D:6      | Killed Edmund
  6041 | D:6      | XOM: silly message
  6236 | D:7      | Found a flagged portal.
  6338 | Bailey   | Entered a bailey
  6384 | Bailey   | XOM: summons 5 hostile demons
  6706 | Bailey   | Reached XP level 10. HP: 42/113 MP: 10/10
  6847 | Bailey   | XOM: cloud trail
  6931 | Bailey   | XOM: 2-stop teleportation journey
  6934 | Bailey   | XOM: cleaving
  6939 | Bailey   | XOM: confuse monster(s)
  7298 | Bailey   | XOM: god gift: scroll of teleportation
  7333 | Bailey   | XOM: give mutations
  7333 | Bailey   | Lost mutation: You are vulnerable to cold. (rC-) [Xom's
                  | mischief]
  7333 | Bailey   | Lost mutation: You possess an exceptional clarity of mind.
                  | [Xom's mischief]
  7337 | Bailey   | XOM: fog
  7411 | Bailey   | XOM: noise
  7416 | Bailey   | XOM: give mutations
  7416 | Bailey   | Lost mutation: You are frail. (-10% HP) [Xom's mischief]
  7416 | Bailey   | Lost mutation: Your muscles are strong. (Str +4, Int/Dex
                  | -1) [Xom's mischief]
  7416 | Bailey   | Gained mutation: You possess an exceptional clarity of
                  | mind. [Xom's mischief]
  7416 | Bailey   | Lost mutation: You have a pair of horns on your head.
                  | [Xom's mischief]
  7419 | Bailey   | Reached skill level 10 in Maces & Flails
  7441 | Bailey   | XOM: cloud trail
  7505 | Bailey   | Noticed an orc knight
  7517 | Bailey   | Killed an orc knight
  7717 | Bailey   | XOM: divination: magic mapping
  7746 | D:7      | Acquired the ring of Suspected Treachery {rF- rC+ Str+6
                  | Slay+5}
  7747 | D:7      | XOM: scenery: create altars
  7876 | D:7      | XOM: cloud trail
  7883 | D:7      | Found a hazy altar of Hepliaklqana.
  7943 | D:7      | Noticed Joseph
  7952 | D:7      | XOM: confuse monster(s)
  7958 | D:7      | Killed Joseph
  7959 | D:7      | Reached skill level 1 in Shapeshifting
  7980 | D:7      | XOM: potion effect (berserk rage)
  8053 | D:7      | XOM: cloud trail
  8207 | D:7      | XOM: 6-stop teleportation journey
  8273 | D:7      | XOM: summons 2 hostile demons
  8349 | D:7      | XOM: give mutation
  8349 | D:7      | Gained mutation: You have large cloven feet. [Xom's grace]
  8418 | D:7      | XOM: scenery: create altars
  8550 | D:7      | XOM: god gift: scroll labelled GAOXTO UXISH {god gift}
  8563 | D:7      | XOM: scenery: create altars
  8582 | D:7      | XOM: give mutation
  8582 | D:7      | Gained mutation: Armour fits poorly on your strangely
                  | shaped body. [Xom's mischief]
  8603 | D:8      | XOM: god gift: scroll labelled YGAVVUMAWE {god gift}
  8752 | D:8      | XOM: 5-stop teleportation journey
  8880 | D:8      | XOM: give mutations
  8880 | D:8      | Gained mutation: Your system is resistant to poisons.
                  | (rPois) [Xom's grace]
  8880 | D:8      | Gained mutation: You have hoof-like feet. [Xom's grace]
  8880 | D:8      | Gained mutation: You have a pair of horns on your head.
                  | [Xom's grace]
  9218 | D:8      | Lost mutation: You have a pair of horns on your head.
                  | [potion of mutation]
  9218 | D:8      | Lost mutation: You are strong-willed. (Will+) [potion of
                  | mutation]
  9218 | D:8      | Lost mutation: You passively map the area around you.
                  | [potion of mutation]
  9218 | D:8      | Gained mutation: You are strong-willed. (Will+) [potion of
                  | mutation]
  9218 | D:8      | Lost mutation: You are agile. (Dex +4, Str/Int -1) [potion
                  | of mutation]
  9218 | D:8      | Gained mutation: You are partially covered in iridescent
                  | scales. (AC +2) [potion of mutation]
  9221 | D:8      | XOM: give mutations
  9221 | D:8      | Gained mutation: You passively dampen the noise of your
                  | surroundings. [Xom's grace]
  9221 | D:8      | Gained mutation: You are highly strong-willed. (Will++)
                  | [Xom's grace]
  9221 | D:8      | Gained mutation: You expend magic power (3 MP) to
                  | strengthen your wands. [Xom's grace]
  9397 | D:9      | XOM: polymorph yak -> steam dragon
  9401 | D:9      | XOM: scenery: create altars
  9405 | D:9      | XOM: enchant monster (good)
  9534 | D:9      | XOM: cast spell 'Summon Small Mammal'
  9539 | D:9      | Reached XP level 11. HP: 101/133 MP: 11/11
  9823 | D:9      | XOM: cast spell 'Cause Fear'
  9856 | D:9      | Lost mutation: You possess an exceptional clarity of mind.
                  | [potion of mutation]
  9856 | D:9      | Lost mutation: You passively map a small area around you.
                  | [potion of mutation]
  9856 | D:9      | Gained mutation: You have a pair of horns on your head.
                  | [potion of mutation]
  9856 | D:9      | Gained mutation: Your flesh is cold resistant. (rC+)
                  | [potion of mutation]
  9856 | D:9      | Gained mutation: You have a pair of large horns on your
                  | head. [potion of mutation]
  9856 | D:9      | Gained mutation: You passively map a small area around you.
                  | [potion of mutation]
  9857 | D:9      | Lost mutation: You have a pair of large horns on your head.
                  | [potion of mutation]
  9857 | D:9      | Lost mutation: You expend magic power (3 MP) to strengthen
                  | your wands. [potion of mutation]
  9857 | D:9      | Lost mutation: Armour fits poorly on your strangely shaped
                  | body. [potion of mutation]
  9857 | D:9      | Gained mutation: Your mind is acute. (Int +4, Str/Dex -1)
                  | [potion of mutation]
  9857 | D:9      | Gained mutation: Your mind is very acute. (Int +8, Str/Dex
                  | -2) [potion of mutation]
 10008 | D:9      | XOM: give mutation
 10008 | D:9      | Gained mutation: You are agile. (Dex +4, Str/Int -1) [Xom's
                  | grace]
 10356 | D:9      | Noticed Pikel
 10358 | D:9      | XOM: chaos cloud
 10360 | D:9      | Killed Pikel
 10362 | D:9      | Paralysed by you for 1 turns
 10363 | D:9      | XOM: draining
 10384 | D:9      | XOM: blink monster(s)
 10386 | D:9      | XOM: summons friendly quasit
 10679 | D:10     | Entered Level 10 of the Dungeon
 10875 | D:10     | Noticed a deep elf pyromancer
 10877 | D:10     | XOM: confusion
 10879 | D:10     | XOM: polymorph killer bee -> ice beast
 10886 | D:10     | Killed a deep elf pyromancer
 10890 | D:10     | Incinerated by a deep elf pyromancer

Illustrated notes

Levels and vault maps discovered:
D:1:      saegor_arrival_simple_a, layout_basic, minmay_misc_feat_five,
          bh_walls_and_bars
D:2:      layout_loops_corners, uniq_terence, uniq_crazy_yiuf_cottage
D:3:      layout_rooms, mainiacjoe_overflow_concentric_impassable,
          mainiacjoe_overflow_paths, chequers_ecumenical_altar_island,
          uniq_jessica, uniq_ijyb
D:4:      layout_rooms, mainiacjoe_overflow_alcove_2, kennysheep_nub,
          wad_rectangle_vault
D:5:      layout_basic, marbit_many_paths, old_standard_altar, serial_shops,
          nicolae_shop_rolling_square, uniq_menkaure, uniq_sigmund,
          uniq_prince_ribbit1
D:6:      layout_gridville, minmay_temple_entry_arrows, st_stairs_4,
          uniq_edmund, uniq_grinder, uniq_jeremiah
D:7:      layout_loops_ring, nicolae_hepliaklqana_monster_ancestors,
          enter_bailey_2, uniq_joseph
D:8:      layout_basic
D:9:      layout_basic, serial_park_tiny_1, minmay_circle_x, uniq_pikel
D:10:     wad_woods_minihive, layout_basic, grunt_ashenzari_visionary
          [grunt_ashenzari_visionary_shoals, grunt_ashenzari_visionary_snake],
          mainiacjoe_overflow_catwalk_spiral, nicolae_trove_entry_diagonal,
          uniq_maggie, uniq_gastronok

Skill      XL: |  1  2  3  4  5  6  7  8  9 10 11 |
---------------+----------------------------------+-----
Fighting       | 5 15 | 15.4
Polearms       | 4 |  4.2
Staves         | 1 2 |  2.8
Maces & Flails | 4 6 9 11 12 | 12.1
Shapeshifting  | 3 4 |  4.9
Dodging        | |  2.1

Action                     |  1- 3 |  4- 6 |  7- 9 | 10-12 || total
---------------------------+-------+-------+-------+-------++-------
  Melee: Spear             |    94 |     5 |       |       ||    99
         Headbutt          |    10 |     9 |    35 |    26 ||    80
         Quarterstaff      |       |    59 |       |       ||    59
         Giant club        |       |       |   234 |   195 ||   429
         Kick              |       |       |       |    23 ||    23
    Use: Scroll            |     2 |     2 |     4 |     7 ||    15
         Potion            |       |     5 |     5 |     6 ||    16
   Stab: Sleeping          |     1 |       |     1 |       ||     2
         Confused          |       |       |     1 |     1 ||     2
 Armour: Robe              |    44 |    41 |   300 |   194 ||   579
  Dodge: Dodged            |    32 |    33 |   244 |   109 ||   418

Table legend: (Time is in decaauts)
 A = Elapsed time spent in this place.
 B = Non-inter-level travel time spent in this place.
 C = Inter-level travel time spent in this place.
 D = Time resting spent in this place.
 E = Time spent auto-exploring this place.
 F = Levels seen in this place.
 G = Mean time per level.
                   A        B        C        D        E       F      G
               +--------+--------+--------+--------+--------+-----+--------+
         Total |  10946 |  10489 |    457 |   2082 |   6773 |  11 |  995.1 |
       Dungeon |   9545 |   9088 |    457 |   1013 |   6665 |  10 |  954.5 |
        Bailey |   1400 |   1400 |      0 |   1069 |    108 |   1 | 1400.0 |
               +--------+--------+--------+--------+--------+-----+--------+

Top non-repeatable levels by time:
  Bailey: 1400 daAuts
     D:9: 1312 daAuts
     D:5: 1304 daAuts
     D:2: 1299 daAuts
     D:4: 1006 daAuts
     D:7: 991 daAuts
     D:1: 949 daAuts
     D:6: 870 daAuts
     D:3: 824 daAuts
     D:8: 775 daAuts
    D:10: 210 daAuts
